 Dungeon Crawl Stone Soup version 0.17-a0-2098-gf59d6bc (webtiles) character file.

53 septik the Skirmisher (level 3, -6/29 HPs)
             Began as a Mummy Fighter on Oct 17, 2015.
             Killed from afar by Natasha (8 damage)
             ... with a magic dart
             ... on level 3 of the Dungeon.
             The game lasted 00:10:10 (2448 turns).

septik the Skirmisher (Mummy Fighter)               Turns: 2448, Time: 00:10:11

Health: -6/29      AC:  7    Str: 20    XL:     3   Next: 64%
Magic:  3/3        EV:  7    Int:  7    God:
Gold:   163        SH:  8    Dex: 11    Spells: 0 memorised, 2 levels left

rFire  x . .     SeeInvis .     a - +0 flail
rCold  + . .     Clarity  .     b - +0 scale mail
rNeg   + + +     SustAt   .     c - +0 shield
rPois  ∞         Gourm    .     (no helmet)
rElec  .         Spirit   .     n - +0 cloak
rCorr  .         Warding  .     (no gloves)
rMut   .         Stasis   .     (no boots)
MR     .....                    (no amulet)
Stlth  ..........               (no ring)
                                (no ring)

@: not resistant to hostile enchantments, extremely unstealthy
A: no food or potions, fire vulnerability, cold resistance 1, negative energy
resistance 3, torment resistance, unbreathing
a: no special abilities


You were on level 3 of the Dungeon.
You were not hungry.

You visited 1 branch of the dungeon, and saw 4 of its levels.

You collected 163 gold pieces.

Inventory:

Hand Weapons
 a - a +0 flail (weapon)
 e - a +0 whip
 j - a +0 greatsling
Missiles
 d - 159 stones (quivered)
Armour
 b - a +0 scale mail (worn)
 c - a +0 shield (worn)
 n - a +0 cloak (worn)
Jewellery
 o - a +4 ring of evasion {unknown}
Wands
 q - a wand of confusion (15)
 r - a wand of cold (8)
Scrolls
 f - 2 scrolls of enchant armour {unknown}
 g - 5 scrolls of remove curse {unknown}
 h - 2 scrolls of enchant weapon {unknown}
 i - 2 scrolls of random uselessness {unknown}
 k - a scroll of amnesia {unknown}
 l - 4 scrolls of identify {unknown}
 m - a scroll of fog {unknown}
 p - a scroll of recharging {unknown}


   Skills:
 - Level 3.0 Fighting
 + Level 3.0 Maces & Flails
 - Level 2.4 Armour
 - Level 1.0 Dodging
 - Level 2.4 Shields


You had 2 spell levels left.
You didn't know any spells.

Dungeon Overview and Level Annotations

Branches:
Dungeon (4/15)
 Temple: D:4-7

Altars:
Dithmenos
Xom
Yredelemnul

Annotations:
D:3 Natasha; Sigmund
D:4 Rayvis's ghost, amateur OpAs


Innate Abilities, Weirdness & Mutations

You do not eat or drink.
Your flesh is vulnerable to fire.
You are immune to poison.
Your flesh is cold resistant.
You are immune to negative energy.
You are immune to unholy pain and torment.
You can survive without breathing.


Message History

The magic dart hits you!
* * * LOW HITPOINT WARNING * * *
The crimson imp hits you but does no damage.
You block Natasha's attack.
You completely miss the crimson imp.
The crimson imp is lightly wounded.
The crimson imp blinks!
You block Natasha's attack.
The crimson imp blinks!
The crimson imp blinks!
Natasha claws you.
* * * LOW HITPOINT WARNING * * *
Natasha stares at you and mumbles some strange words.
You resist with some effort.
The crimson imp hits you but does no damage.
The crimson imp hits you.
* * * LOW HITPOINT WARNING * * *
The crimson imp hits you but does no damage.
Natasha stares at you and mumbles some strange words.
The magic dart hits you!
You die...

.#[#.##.#
#.# #.# #w#
#.# #.#
#.###
..#.####h..#
#......@5#.#
#.########.#
#


You could see a worm, Natasha and a crimson imp.

Vanquished Creatures
  An adder (D:2)
  2 giant geckos
  2 ball pythons
  3 bats
  3 giant cockroaches
  4 goblins
  6 hobgoblins
  A quokka (D:2)
  6 giant newts
  6 jackals
  5 kobolds
  5 rats (D:1)
44 creatures vanquished.

Notes
Turn   | Place    | Note
--------------------------------------------------------------
     0 | D:1      | septik the Mummy Fighter began the quest for the Orb.
     0 | D:1      | Reached XP level 1. HP: 18/18 MP: 1/1
   231 | D:1      | Reached XP level 2. HP: 8/24 MP: 2/2
  1379 | D:2      | Reached skill level 1 in Dodging
  1424 | D:2      | Reached XP level 3. HP: 25/29 MP: 3/3
  1654 | D:2      | Found a shadowy altar of Dithmenos.
  1655 | D:2      | Found a basalt altar of Yredelemnul.
  2291 | D:3      | Found a shimmering altar of Xom.
  2310 | D:3      | Noticed Sigmund
  2343 | D:4      | Noticed Rayvis's ghost (amateur OpAs)
  2424 | D:4      | Noticed Natasha
  2448 | D:3      | Killed from afar by Natasha

Vault maps used:
D:1:      dpeg_arrival_circle_labyrinth_c, minivault_11, minivault_26
D:2:      gammafunk_temple_overflow_pools
D:3:      xom_butterflies, uniq_sigmund
D:4:      minitemple, overflow_temple_1_default,
          minmay_temple_entry_glassed_door, serial_shops,
          nicolae_shop_behind_doors, shop, uniq_natasha

Action                   || total
-------------------------++-------
Melee: Flail             ||   152
